 Dungeon Crawl Stone Soup version 0.28-a0-1033-g1a2f33fa85 (webtiles) character file.

Game seed: 6314988226302703732

154 tsouns the Magician (level 5, -2/28 HPs)
             Began as a Deep Elf Air Elementalist on Dec 7, 2021.
             Succumbed to a kobold brigand's curare-tipped dart
             ... in a sewer.
             The game lasted 00:04:06 (2684 turns).

tsouns the Magician (Deep Elf Air Elementalist)     Turns: 2684, Time: 00:04:06

Health: -2/28      AC:  4    Str:  5    XL:     5   Next: 13%
Magic:  1/14       EV: 12    Int: 22    God:
Gold:   78         SH:  0    Dex: 15    Spells: 4/13 levels left

rFire   . . .      SeeInvis +   d - +2 dagger (venom)
rCold   + . .      Faith    .   (no shield)
rNeg    . . .      Spirit   .   a - +0 robe
rPois   .          Reflect  .   (no helmet)
rElec   .          Harm     .   e - +0 cloak
rCorr   .          Rampage  .   l - +0 pair of gloves
Will    .....                   (no boots)
Stlth   +.........              (no amulet)
HPRegen 0.09/turn               f - ring of see invisible
MPRegen 0.14/turn               g - ring of protection from cold

@: lethally poisoned (-2 -> -13), slowed, very slow
A: no striking features
a: no special abilities


You were in a sewer.
You visited 1 branch of the dungeon, and saw 3 of its levels.
You also visited: Sewer.

You collected 78 gold pieces.

Inventory:

Hand Weapons
 d - a +2 dagger of venom (weapon)
Missiles
 c - a throwing net
Armour
 a - a +0 robe (worn)
 e - a +0 cloak (worn)
 l - a +0 pair of gloves (worn)
Jewellery
 f - a ring of see invisible (left hand)
 g - a ring of protection from cold (right hand)
Scrolls
 h - a scroll of identify {unknown}
 k - a scroll of fog {unknown}
 m - a scroll of teleportation {unknown}
Potions
 b - a potion of might {unknown}
 i - a potion of cancellation {unknown}
 j - a potion of lignification {unknown}


   Skills:
 - Level 2.4 Dodging
 - Level 2.4 Stealth
 + Level 4.8 Spellcasting
 + Level 3.1 Conjurations
 + Level 4.2 Air Magic


You had 4 spell levels left.
You knew the following spells:

 Your Spells              Type           Power      Damage    Failure   Level
a - Shock                 Conj/Air       84%        1d8       2%          1
b - Static Discharge      Conj/Air       21%        N/A       3%          2
c - Swiftness             Air            23%        N/A       5%          3
d - Poisonous Vapours     Pois/Air       28%        N/A       7%          2
e - Sting                 Tmut/Pois      20%        1d4       11%         1

Your spell library contained the following spells:

 Spells                   Type           Power      Damage    Failure   Level
 Airstrike                Air            11%        N/A       19%         4
 Olgreb's Toxic Radiance  Pois           5%         N/A       71%         4


Dungeon Overview and Level Annotations

Branches:
Dungeon (4/15)              Sewer (1/1)
 Temple: D:4-7

Altars:
Nemelex Xobeh


Message History

Confirm with . or Enter, or press ? or * to list all spells.
Aiming: Sting (safe; 11% risk of failure)
Press: ? - help, Shift-Dir - straight line, f/p - kobold brigand
Aim: a kobold brigand, wielding a +0 dagger and quivering curare-tipped darts (moderately wounded, 60% to hit)
The sting misses the kobold brigand.
You feel sick.
Casting: Sting (safe; 11% risk of failure)
Confirm with . or Enter, or press ? or * to list all spells.
Aiming: Sting (safe; 11% risk of failure)
Press: ? - help, Shift-Dir - straight line, f/p - kobold brigand
Aim: a kobold brigand, wielding a +0 dagger and quivering curare-tipped darts (moderately wounded, 60% to hit)
The sting misses the kobold brigand.
You feel sick.
Casting: Sting (safe; 11% risk of failure)
Confirm with . or Enter, or press ? or * to list all spells.
Aiming: Poisonous Vapours (safe; 7% risk of failure)
Press: ? - help, Dir - move target, f/p - kobold brigand
Aim: a kobold brigand, wielding a +0 dagger and quivering curare-tipped darts (moderately wounded) Poisonous vapours surround the kobold brigand!
The kobold brigand is poisoned.
You feel sick.
You are no longer poisoned.
The kobold brigand barely misses you.
The kobold brigand hits you but does no damage.
The kobold brigand looks more healthy.
The kobold brigand hits you but does no damage.
The kobold brigand throws a curare-tipped dart.
The curare-tipped dart hits you.
You are poisoned.
You have difficulty breathing.
You feel as though you will be slow longer.
Unknown command.
Casting: Poisonous Vapours (safe; 7% risk of failure)
Confirm with . or Enter, or press ? or * to list all spells.
Aiming: Poisonous Vapours (safe; 7% risk of failure)
Press: ? - help, Dir - move target, f/p - kobold brigand
Aim: a kobold brigand, wielding a +0 dagger and quivering curare-tipped darts (heavily wounded) Poisonous vapours surround the kobold brigand!
The kobold brigand is poisoned.
You feel very sick.
The kobold brigand hits you with a +0 dagger.
* * * LOW HITPOINT WARNING * * *
You die... ############################### ≈)≈≈≈≈≈≈≈≈≈≈≈≈K≈@..÷...÷.∩.†..# ###############################

You could see a kobold brigand (poisoned).

Vanquished Creatures
  4 gnolls (D:2)
  5 adders
  A river rat (Sewer)
  A worm (D:2)
  A dart slug (D:1)
  2 endoplasms
  5 giant cockroaches
  5 goblins
  3 hobgoblins
  6 jackals
  7 kobolds
  4 quokkas
  3 ball pythons (D:1)
  3 bats (D:1)
  7 rats
57 creatures vanquished.

Notes
Turn   | Place    | Note
-------+----------+-------------------------------------------
     0 | D:1      | tsouns the Deep Elf Air Elementalist began the quest for
                  | the Orb.
     0 | D:1      | Reached XP level 1. HP: 10/10 MP: 6/6
   245 | D:1      | Reached XP level 2. HP: 15/15 MP: 6/8
   615 | D:1      | Found a faded altar of an unknown god.
   646 | D:1      | Prayed at the altar of an unknown god.
   646 | D:1      | Became a worshipper of Nemelex Xobeh the Trickster
   646 | D:1      | Reached * piety under Nemelex Xobeh
   845 | D:1      | Received a gift from Nemelex Xobeh
   847 | D:1      | Fell from the grace of Nemelex Xobeh
  1149 | D:2      | Reached XP level 3. HP: 19/19 MP: 1/10
  1533 | D:1      | Learned a level 2 spell: Static Discharge
  1537 | D:1      | Learned a level 3 spell: Swiftness
  1540 | D:1      | Learned a level 2 spell: Poisonous Vapours
  1542 | D:1      | Learned a level 1 spell: Sting
  1617 | D:2      | Reached XP level 4. HP: 24/24 MP: 9/12
  2266 | D:2      | You fall into a shaft and drop 2 floors!
  2347 | D:4      | Found a glowing drain.
  2418 | Sewer    | Entered a sewer
  2420 | Sewer    | Reached XP level 5. HP: 26/28 MP: 9/14
  2684 | Sewer    | Succumbed to a kobold brigand's curare-tipped dart

Illustrated notes

Levels and vault maps discovered:
D:1:      dpeg_arrival_snail, layout_basic, serial_forest,
          infiniplex_forest_lined_corner, infiniplex_forest_fountain,
          infiniplex_forest_straight_4, infiniplex_forest_clump_cross,
          infiniplex_forest_end_2, infiniplex_forest_zigzag_2,
          infiniplex_forest_corner_2, shapermc_ecumenical_altar_mp_highgroup
D:2:      layout_basic, basic_altar, minmay_pentomino_o4
D:4:      cheibrodos_quashed, layout_layer_cave, xom_teletrap_fun,
          minmay_temple_entry_sparse_star, gup_sewer_entry_glass, serial_shops,
          nicolae_lakefront_shop, shop, uniq_eustachio
Sewer:    sewer_kobolds

Skill      XL: |  1  2  3  4 |
---------------+-------------+-----
Conjurations   | 2 3 |  3.1
Spellcasting   | 4 |  4.8
Air Magic      | 4 |  4.2
Dodging        | |  2.4
Stealth        | |  2.4

Action                   |  1- 3 |  4- 6 || total
-------------------------+-------+-------++-------
 Cast: Shock             |    62 |    59 ||   121
       Poisonous Vapours |       |    19 ||    19
       Sting             |       |     3 ||     3
Invok: Renounce Religion |     1 |       ||     1
Armor: Robe              |     1 |     8 ||     9
Dodge: Dodged            |     6 |    10 ||    16

Table legend: (Time is in decaauts)
 A = Elapsed time spent in this place.
 B = Non-inter-level travel time spent in this place.
 C = Inter-level travel time spent in this place.
 D = Time resting spent in this place.
 E = Time spent auto-exploring this place.
 F = Levels seen in this place.
 G = Mean time per level.
                   A        B        C        D        E       F      G
               +--------+--------+--------+--------+--------+-----+--------+
         Total |   2716 |   2649 |     67 |     40 |   2249 |   4 |  679.0 |
       Dungeon |   2420 |   2353 |     67 |     40 |   2027 |   3 |  806.7 |
         Sewer |    296 |    296 |      0 |      0 |    222 |   1 |  296.0 |
               +--------+--------+--------+--------+--------+-----+--------+

Top non-repeatable levels by time:
     D:1: 1468 daAuts
     D:2: 799 daAuts
   Sewer: 296 daAuts
     D:4: 153 daAuts
